 Dungeon Sprint DCSS version 0.31.0-9-g3a7656b989 (webtiles) character file.

Game seed: 11013214650310874578

85 Heoruswealwe the Poker (level 4, -1/44 HPs)
             Began as a Minotaur Fighter on Feb 1, 2024.
             Slain by an ice beast (12 damage)
             ... in the Dungeon (Sprint IX: "|||||||||||||||||||||||||||||").
             The game lasted 00:00:24 (69 turns).

Heoruswealwe the Poker (Minotaur Fighter)             Turns: 69, Time: 00:00:24

Health: -1/44      AC:  7    Str: 23    XL:     4   Next: 25%
Magic:  3/3        EV:  9    Int:  5    God:
Gold:   0          SH:  4    Dex:  9    Spells: 3/3 levels left

rFire   . . .        a - +0 trident
rCold   . . .        d - +0 buckler
rNeg    . . .        c - +0 scale mail
rPois   .            (helmet restricted)
rElec   .            (no cloak)
rCorr   .            (no gloves)
SInv    .            (no boots)
Will    .....        (no amulet) Stlth
                     (no ring)
HPRegen 0.27/turn    (no ring)
MPRegen 0.08/turn

%: no teleportation
@: no status effects
A: horns 2, retaliatory headbutt
a: no special abilities


You were in the Dungeon.
You visited 1 branch

Inventory:

Hand Weapons
 a - a +0 trident (weapon)
Armour
 c - a +0 scale mail (worn)
 d - a +0 buckler (worn)
Scrolls
 j - a scroll of blinking
Potions
 b - a potion of might
 e - a potion of curing
 f - a potion of heal wounds
 g - a potion of haste
 h - 2 potions of magic
 i - a potion of berserk rage


   Skills:
 + Level 6.2 Fighting
 * Level 7.5 Polearms
 + Level 6.2 Armour
 - Level 3.6 Shields


You had 3 spell levels left.
You didn't know any spells.
Your spell library was empty.

Dungeon Overview and Level Annotations

Branches:
Dungeon (1/1)

Altars:


Innate Abilities, Weirdness & Mutations

You have a pair of horns on your head.
You reflexively headbutt those who attack you in melee.


Message History

The hound bites you but does no damage. The hound bites you.
You miss the hound. Your headbutt misses the hound.
The hound is almost dead.
You block the hound's attack. The hound bites you.
You hit the hound.
You kill the hound!
Your Polearms skill increases to level 6!
You puncture the iguana!
The iguana is severely wounded.
The iguana closely misses you.
You hit the iguana. Your headbutt misses the iguana.
The iguana is almost dead.
The iguana bites you but does no damage.
You closely miss the iguana.
You headbutt the iguana, but do no damage.
The iguana is almost dead.
The iguana bites you!
You puncture the iguana!
You kill the iguana!
Your Fighting skill increases to level 6!
Your Polearms skill increases to level 7!
Your Armour skill increases to level 6!
You have reached level 4!
You feel stronger.
You puncture the ice beast!
The ice beast is heavily wounded.
The ice beast hits you. The ice beast freezes you!
* * * LOW HITPOINT WARNING * * *
You barely miss the ice beast. You headbutt the ice beast.
The ice beast is heavily wounded.
You block the ice beast's attack.
You closely miss the ice beast.
The ice beast is heavily wounded.
The ice beast closely misses you.
You hit the ice beast but do no damage.
The ice beast is heavily wounded.
The ice beast hits you.
* * * LOW HITPOINT WARNING * * *
The ice beast freezes you!
You die...

▓.▓
▓.▓
▓.▓
▓'▓
▓)▓
▓.▓
▓.▓
▓.▓
▓@▓
▓Y▓
▓.▓
▓.▓
▓.▓
▓.▓
▓.▓
▓+▓


You could see an ice beast.

Vanquished Creatures
  A hound (D)
  An iguana (D)
  An orc wizard (D)
  An orc (D)
  An endoplasm (D)
  A hobgoblin (D)
  A frilled lizard (D)
  A kobold (D)
  A rat (D)
9 creatures vanquished.

Notes
Turn   | Place    | Note
-------+----------+-------------------------------------------
     0 | D        | Heoruswealwe the Minotaur Fighter began the quest for the
                  | Orb.
     0 | D        | Reached XP level 1. HP: 19/19 MP: 0/0
     8 | D        | Reached skill level 3 in Polearms
    47 | D        | Noticed an orc wizard
    47 | D        | Noticed a hound
    47 | D        | Noticed an iguana
    47 | D        | Noticed an ice beast
    49 | D        | Killed an orc wizard
    50 | D        | Reached skill level 5 in Fighting
    50 | D        | Reached skill level 5 in Polearms
    50 | D        | Reached skill level 5 in Armour
    50 | D        | Reached XP level 2. HP: 26/29 MP: 1/1
    50 | D        | Reached XP level 3. HP: 32/36 MP: 2/2
    62 | D        | Reached skill level 6 in Polearms
    66 | D        | Reached skill level 7 in Polearms
    66 | D        | Reached XP level 4. HP: 29/44 MP: 3/3
    69 | D        | Slain by an ice beast

Illustrated notes

Levels and vault maps discovered:
D:        linesprint [early_d, line_temple, items_1, d_10, items_2, lair_1,
          lair_end, items_3, orc_1, orc_end, items_4, d_15, swamp_1, shoals_1,
          snake_1, spider_1, d_20, vaults_1, items_5, swamp_end, shoals_end,
          snake_end, spider_end, vaults_end, d_27, items_6, zot_1, zot_end,
          crypt_end, forest_end, elf_end, slime_end, tomb_end, abyss_end,
          pan_hell_end]

Skill      XL: |  1  2  3 |
---------------+----------+-----
Polearms       | 5 7 |  7.5
Fighting       | 5 6 |  6.2
Armour         | 5 6 |  6.2
Shields        | |  3.6

Action                     |  1- 3 |  4- 6 || total
---------------------------+-------+-------++-------
  Melee: Trident           |    27 |     4 ||    31
         Headbutt          |     5 |     1 ||     6
 Armour: Scale mail        |    17 |     2 ||    19
  Dodge: Dodged            |     6 |     1 ||     7
  Block: Buckler           |     2 |     1 ||     3
